Flames vs Capitals

Created - 25 mars 2022 at 16:20

Goals
1 2 3 OT1 T
Flames 1 1 0 1 3
Capitals 1 0 1 0 2
Shots
1 2 3 OT1 T
Flames 14 6 11 2 33
Capitals 11 10 6 0 27

GoalsPenalties
1st period
1. Capitals , Brayden Point 26 (Mikko Rantanen 52, Marc-Edouard Vlasic 27) at 7:20
2. Flames , Matthew Tkachuk 15 (Ryan Nugent-Hopkins 35) at 15:09
Josh Manson (WAS) for Slashing (Minor) at 0:34
Blake Coleman (CAL) for Roughing (Minor) at 1:00
Garnet Hathaway (WAS) for Hooking (Minor) at 9:52
Matthew Tkachuk (CAL) for Tripping (Minor) at 16:35
Nikita Zadorov (WAS) for Hooking (Minor) at 19:12
2nd period
3. Flames , Blake Coleman 19 (Matt Calvert 9, Elias Lindholm 57) at 1:19
Noah Hanifin (CAL) for Slashing (Minor) at 12:32
Nikita Zadorov (WAS) for Hooking (Minor) at 19:13
3rd period
4. Capitals , Alex Ovechkin 34 (Josh Manson 34, Anthony Beauvillier 29) at 3:36
Mikko Rantanen (WAS) for High sticking (Minor) at 6:42
Christopher Tanev (CAL) for Hooking (Minor) at 6:42
Josh Manson (WAS) for Hooking (Minor) at 9:55
Overtime #1
5. Flames , Christopher Tanev 8 (Ryan Nugent-Hopkins 36, Elias Lindholm 58) at 0:52
No Penalty
Goalie Stats
Mackenzie Blackwood (CAL), 25 saves from 27 shots - (0,926), W, 33-17-5, 60:53 minutes
Jake Allen (WAS), 30 saves from 33 shots - (0,909), OTL, 11-9-1, 60:53 minutes
3 StarsOfficial
1 - Elias Lindholm (CAL)
2 - Ryan Nugent-Hopkins (CAL)
3 - Matthew Tkachuk (CAL)
Referees : Evgeny Romasko and Greg Kimmerly
Linesman : Darren Gibbs and Kiel Murchison
Game Note
No Game Note



Team Name Goals Shots Shots Attemp Shots Blocked PIM HIT PP PK FO%
Flames 33371148180 / 5 (0%)054%
Capitals 227531212220 / 3 (0%)046%

Flames
Player Name POS G A P +/- PIM HIT SHT SB MP PP MP PP SHT PK MP PK SHT FO% FOT
Andrew CoglianoC/LW000000000:000:0000:0000% 0
Andrew MangiapaneLW/RW000-100107:480:0000:1400% 0
Anze KopitarC0000002019:033:2911:24043% 21
Ben ChiarotD0002001118:460:0002:0600% 0
Blake ColemanC/LW/RW101-1233122:144:5212:2000% 0
Christopher TanevD1011221320:390:0002:0600% 0
Elias LindholmC/RW0222026020:063:2900:00048% 29
Jake McCabeD000-1030115:460:0002:1800% 0
Matt CalvertLW/RW011000108:520:0001:2400% 0
Matthew TkachukLW/RW1011254018:103:4110:0000% 2
Max PaciorettyLW0000014021:214:5320:0000% 1
Mikael BacklundC/RW0000001121:214:5300:00065% 17
Mike MathesonD000-1001120:594:4110:0000% 0
Nick BoninoC0000001010:140:0002:46082% 11
Noah HanifinD000-1220621:314:4101:2800% 0
Paul StastnyC/LW000-100107:340:0000:00050% 10
Rasmus AnderssonD0001001019:293:4100:5000% 0
Ryan Nugent-HopkinsC/LW0222005020:463:2910:400100% 2
Capitals
Player Name POS G A P +/- PIM HIT SHT SB MP PP MP PP SHT PK MP PK SHT FO% FOT
Adam ErneLW000001107:210:0001:1700% 0
Adam LarssonD0000030219:180:0004:0200% 0
Alex OvechkinLW/RW101-1052018:332:1800:0000% 2
Anthony BeauvillierLW0110001015:422:0600:00029% 14
Brayden PointC1010004020:172:1810:00065% 34
Cody CeciD0001021122:042:1104:2000% 0
Daniel SprongLW/RW000000006:040:0000:0000% 0
Drew DoughtyD000-1011221:122:1302:0800% 0
Garnet HathawayRW0000200010:530:0003:0500% 1
Jason ZuckerLW/RW0000011015:422:0600:0000% 2
Jay BeagleC0000032013:560:0004:00052% 23
Josh MansonD0111412017:032:1110:0200% 0
Marc-Edouard VlasicD0110000218:520:0004:0200% 0
Michael SgarbossaC0000001010:260:0004:22133% 12
Mikko RantanenRW011-1216120:042:1800:00050% 2
Nikita ZadorovD000-2432322:202:1302:1000% 0
Oskar LindblomLW/RW0000001011:490:0004:0000% 0
Pavel BuchnevichLW/RW0000012119:032:0600:0000% 3

Flames

5 vs 5 Forward
Line #Left WingCenterRight WingPHYDFOFWanted %Time %Time Play
1Max PaciorettyAnze KopitarMikael Backlund1223132%14:10
2Ryan Nugent-HopkinsElias LindholmMatthew Tkachuk1223133%14:30
3Andrew MangiapanePaul StastnyBlake Coleman1221917%7:34
4Matt CalvertNick BoninoBlake Coleman1221917%7:28
5 vs 5 Defense
Line #DefenseDefensePHYDFOFWanted %Time %Time Play
1Noah HanifinChristopher Tanev1223233%14:20
2Ben ChiarotRasmus Andersson1223131%13:41
3Mike MathesonJake McCabe1223131%13:28
4Ben ChiarotChristopher Tanev14065%2:13
Power Play Forward
Line #Left WingCenterRight WingPHYDFOFWanted %Time %Time Play
1Ryan Nugent-HopkinsAnze KopitarElias Lindholm1225042%3:29
2Max PaciorettyMikael BacklundBlake Coleman1225058%4:53
Power Play Defense
Line #DefenseDefensePHYDFOFWanted %Time %Time Play
1Matthew TkachukRasmus Andersson1225044%3:41
2Noah HanifinMike Matheson1225056%4:41
Penalty Kill 4 Players Forward
Line #CenterWingPHYDFOFWanted %Time %Time Play
1Nick BoninoBlake Coleman1316068%3:00
2Anze KopitarMatt Calvert1314032%1:24
Penalty Kill 4 Players Defense
Line #DefenseDefensePHYDFOFWanted %Time %Time Play
1Ben ChiarotChristopher Tanev1316048%2:06
2Noah HanifinJake McCabe1314052%2:18
Penalty Kill 3 Players
Line #WingPHYDFOFWanted %Time %Time PlayDefenseDefensePHYDFOFWanted %Time %Time Play
1Nick Bonino140500%0:00 Ben ChiarotChristopher Tanev140500%0:00
2Elias Lindholm140500%0:00 Noah HanifinJake McCabe140500%0:00
4 vs 4 Forward
Line #CenterWingPHYDFOFWanted %Time %Time Play
1Elias LindholmRyan Nugent-Hopkins1225035%1:14
2Mikael BacklundMax Pacioretty1225065%2:18
4 vs 4 Defense
Line #DefensePHYDFOFWanted %Time %Time Play
1Noah HanifinRasmus Andersson1225020%50% - 0:42
2Mike MathesonChristopher Tanev1225080%50% - 2:50
Last Minutes Offensive
Left WingCenterRight WingDefenseDefense
Ryan Nugent-HopkinsElias LindholmMatthew TkachukNoah HanifinChristopher Tanev
Last Minutes Defensive
Left WingCenterRight WingDefenseDefense
Elias LindholmAnze KopitarMatt CalvertJake McCabeChristopher Tanev
Time
Total ForwardTotal DefenseLast Minutes OffensiveLast Minutes Defensive
60:00 60:00 0:000:00
Extra Forwards
Normal PowerPlayPenalty Kill
Andrew Cogliano, Elias Lindholm, Matthew TkachukAndrew Cogliano, Nick BoninoRyan Nugent-Hopkins
Extra Defensemen
Normal PowerPlayPenalty Kill
Christopher Tanev, Noah Hanifin, Rasmus AnderssonChristopher Tanev, Rasmus AnderssonMike Matheson
Penalty Shots
Anze Kopitar, Ryan Nugent-Hopkins, Max Pacioretty, Elias Lindholm, Matthew Tkachuk
Goalie
Mackenzie Blackwood, Casey DeSmith
Custom OT Lines Forwards
Elias Lindholm, Ryan Nugent-Hopkins, Max Pacioretty, Anze Kopitar, Mikael Backlund, Matthew Tkachuk, Nick Bonino, Blake Coleman, Andrew Mangiapane, Paul Stastny
Custom OT Lines Defensemen
Christopher Tanev, Noah Hanifin, Rasmus Andersson, Mike Matheson, Ben Chiarot
Scratches
Erik Gudbranson (Healthy), Chad Ruhwedel (Healthy), Mark Stone (Right Leg Injury)

Capitals

5 vs 5 Forward
Line #Left WingCenterRight WingPHYDFOFWanted %Time %Time Play
1Pavel BuchnevichBrayden PointMikko Rantanen0233537%16:13
2Jason ZuckerAnthony BeauvillierAlex Ovechkin0233031%13:36
3Oskar LindblomJay BeagleGarnet Hathaway0322018%7:49
4Adam ErneMichael SgarbossaDaniel Sprong0321514%6:04
5 vs 5 Defense
Line #DefenseDefensePHYDFOFWanted %Time %Time Play
1Nikita ZadorovDrew Doughty1223331%13:45
2Josh MansonCody Ceci1223231%13:37
3Marc-Edouard VlasicAdam Larsson1222534%14:50
4Nikita ZadorovDrew Doughty122103%1:30
Power Play Forward
Line #Left WingCenterRight WingPHYDFOFWanted %Time %Time Play
1Alex OvechkinBrayden PointMikko Rantanen0055052%2:18
2Pavel BuchnevichAnthony BeauvillierJason Zucker0055048%2:06
Power Play Defense
Line #DefenseDefensePHYDFOFWanted %Time %Time Play
1Nikita ZadorovDrew Doughty0235050%2:13
2Cody CeciJosh Manson0235050%2:11
Penalty Kill 4 Players Forward
Line #CenterWingPHYDFOFWanted %Time %Time Play
1Jay BeagleOskar Lindblom0415048%4:00
2Michael SgarbossaGarnet Hathaway0415052%4:22
Penalty Kill 4 Players Defense
Line #DefenseDefensePHYDFOFWanted %Time %Time Play
1Nikita ZadorovCody Ceci0415052%4:20
2Marc-Edouard VlasicAdam Larsson0415048%4:02
Penalty Kill 3 Players
Line #WingPHYDFOFWanted %Time %Time PlayDefenseDefensePHYDFOFWanted %Time %Time Play
1Jay Beagle041500%0:00 Nikita ZadorovCody Ceci041500%0:00
2Michael Sgarbossa041500%0:00 Marc-Edouard VlasicAdam Larsson041500%0:00
4 vs 4 Forward
Line #CenterWingPHYDFOFWanted %Time %Time Play
1Jay BeagleAlex Ovechkin0235060%2:07
2Brayden PointMikko Rantanen0235040%1:25
4 vs 4 Defense
Line #DefensePHYDFOFWanted %Time %Time Play
1Nikita ZadorovDrew Doughty0235045%50% - 1:36
2Josh MansonCody Ceci0235055%50% - 1:56
Last Minutes Offensive
Left WingCenterRight WingDefenseDefense
Alex OvechkinBrayden PointMikko RantanenNikita ZadorovDrew Doughty
Last Minutes Defensive
Left WingCenterRight WingDefenseDefense
Oskar LindblomJay BeagleGarnet HathawayJosh MansonCody Ceci
Time
Total ForwardTotal DefenseLast Minutes OffensiveLast Minutes Defensive
60:00 60:00 0:000:00
Extra Forwards
Normal PowerPlayPenalty Kill
Mikko Rantanen, Pavel Buchnevich, Brayden PointPavel Buchnevich, Brayden PointGarnet Hathaway
Extra Defensemen
Normal PowerPlayPenalty Kill
Cody Ceci, Nikita Zadorov, Drew DoughtyDrew Doughty, Cody CeciDrew Doughty
Penalty Shots
Mikko Rantanen, Pavel Buchnevich, Alex Ovechkin, Brayden Point, Anthony Beauvillier
Goalie
Jake Allen, Darcy Kuemper
Custom OT Lines Forwards
Mikko Rantanen, Alex Ovechkin, Brayden Point, Anthony Beauvillier, Pavel Buchnevich, Jason Zucker, Oskar Lindblom, Adam Erne, Garnet Hathaway, Daniel Sprong
Custom OT Lines Defensemen
Nikita Zadorov, Drew Doughty, Marc-Edouard Vlasic, Cody Ceci, Adam Larsson
Scratches
Ben Harpur (Healthy), Ivan Barbashev (Left Knee Injury), Trevor van Riemsdyk (Healthy), Nicklas Backstrom (Strained Left Knee Injury)


Play-by-Play

1st period


0:01 of 1st period - Anze Kopitar wins face-off versus Pavel Buchnevich in neutral zone.
0:24 of 1st period - Shot by Pavel Buchnevich.
0:24 of 1st period - Stopped by Mackenzie Blackwood without a rebound.
0:25 of 1st period - Elias Lindholm wins face-off versus Anthony Beauvillier in Flames zone.
0:25 of 1st period - Ryan Nugent-Hopkins is hit by Jason Zucker.
0:34 of 1st period - Minor Penalty to Josh Manson for Slashing.
0:35 of 1st period - Jay Beagle wins face-off versus Anze Kopitar in Capitals zone.
0:56 of 1st period - Shot by Mike Matheson.
0:56 of 1st period - Stopped by Jake Allen without a rebound.
0:57 of 1st period - Mikael Backlund wins face-off versus Jay Beagle in Capitals zone.
0:58 of 1st period - Shot by Matthew Tkachuk.
0:58 of 1st period - Stopped by Jake Allen without a rebound.
0:59 of 1st period - Jay Beagle wins face-off versus Mikael Backlund in Capitals zone.
0:59 of 1st period - Jay Beagle is hit by Blake Coleman.
1:00 of 1st period - Minor Penalty to Blake Coleman for Roughing.
1:01 of 1st period - Jay Beagle wins face-off versus Elias Lindholm in Flames zone.
1:04 of 1st period - Shot by Alex Ovechkin.
1:04 of 1st period - Stopped by Mackenzie Blackwood without a rebound.
1:05 of 1st period - Brayden Point wins face-off versus Mikael Backlund in Flames zone.
1:19 of 1st period - Icing by Christopher Tanev.
1:20 of 1st period - Jay Beagle wins face-off versus Mikael Backlund in Flames zone.
2:12 of 1st period - Icing by Mikael Backlund.
2:13 of 1st period - Brayden Point wins face-off versus Mikael Backlund in Flames zone.
2:25 of 1st period - Christopher Tanev is hit by Mikko Rantanen and loses puck.
2:50 of 1st period - Shot by Pavel Buchnevich.
2:50 of 1st period - Shot Misses the Net.
2:52 of 1st period - Shot by Josh Manson.
2:52 of 1st period - Stopped by Mackenzie Blackwood without a rebound.
2:53 of 1st period - Nick Bonino wins face-off versus Brayden Point in Flames zone.
3:11 of 1st period - Shot by Andrew Mangiapane.
3:11 of 1st period - Stopped by Jake Allen without a rebound.
3:12 of 1st period - Elias Lindholm wins face-off versus Anthony Beauvillier in Capitals zone.
3:23 of 1st period - Ryan Nugent-Hopkins is hit by Alex Ovechkin.
3:45 of 1st period - Shot by Jason Zucker.
3:45 of 1st period - Stopped by Mackenzie Blackwood without a rebound.
3:46 of 1st period - Brayden Point wins face-off versus Nick Bonino in Flames zone.
4:53 of 1st period - Shot by Jay Beagle.
4:53 of 1st period - Shot Blocked by Christopher Tanev.
5:32 of 1st period - Christopher Tanev is hit by Nikita Zadorov and loses puck.
6:44 of 1st period - Shot by Jake McCabe.
6:44 of 1st period - Shot Misses the Net.
6:57 of 1st period - Off-side.
6:58 of 1st period - Nick Bonino wins face-off versus Brayden Point in neutral zone.
7:20 of 1st period - Shot by Brayden Point.
7:20 of 1st period - Goal by Brayden Point - Flames : 0 - Capitals : 1.
7:21 of 1st period - Jay Beagle wins face-off versus Anze Kopitar in neutral zone.
7:39 of 1st period - Shot by Max Pacioretty.
7:39 of 1st period - Stopped by Jake Allen without a rebound.
7:40 of 1st period - Elias Lindholm wins face-off versus Brayden Point in Capitals zone.
7:59 of 1st period - Shot by Elias Lindholm.
7:59 of 1st period - Deflect By Ryan Nugent-Hopkins.
7:59 of 1st period - Shot Misses the Net.
8:01 of 1st period - Shot by Ben Chiarot.
8:01 of 1st period - Stopped by Jake Allen without a rebound.
8:02 of 1st period - Paul Stastny wins face-off versus Anthony Beauvillier in Capitals zone.
8:23 of 1st period - Shot by Andrew Mangiapane.
8:23 of 1st period - Shot Misses the Net.
8:37 of 1st period - Shot by Blake Coleman.
8:37 of 1st period - Shot Blocked by Drew Doughty.
9:25 of 1st period - Shot by Anze Kopitar.
9:25 of 1st period - Shot Misses the Net.
9:45 of 1st period - Icing by Christopher Tanev.
9:46 of 1st period - Jay Beagle wins face-off versus Anze Kopitar in Flames zone.
9:47 of 1st period - Shot by Garnet Hathaway.
9:47 of 1st period - Shot Misses the Net.
9:52 of 1st period - Minor Penalty to Garnet Hathaway for Hooking.
9:53 of 1st period - Ryan Nugent-Hopkins wins face-off versus Michael Sgarbossa in Capitals zone.
10:44 of 1st period - Icing by Mikael Backlund.
10:45 of 1st period - Mikael Backlund wins face-off versus Jay Beagle in Flames zone.
10:45 of 1st period - Mikael Backlund is hit by Jay Beagle.
10:57 of 1st period - Icing by Mikael Backlund.
10:58 of 1st period - Mikael Backlund wins face-off versus Jay Beagle in Flames zone.
11:03 of 1st period - Shot by Max Pacioretty.
11:03 of 1st period - Stopped by Jake Allen without a rebound.
11:04 of 1st period - Mikael Backlund wins face-off versus Jay Beagle in Capitals zone.
12:21 of 1st period - Shot by Nick Bonino.
12:21 of 1st period - Stopped by Jake Allen without a rebound.
12:22 of 1st period - Mikko Rantanen wins face-off versus Elias Lindholm in Capitals zone.
12:24 of 1st period - Icing by Brayden Point.
12:25 of 1st period - Brayden Point wins face-off versus Matthew Tkachuk in Capitals zone.
12:44 of 1st period - Shot by Ryan Nugent-Hopkins.
12:44 of 1st period - Stopped by Jake Allen with a rebound.
12:46 of 1st period - Shot by Matthew Tkachuk.
12:46 of 1st period - Deflect By Elias Lindholm.
12:46 of 1st period - Shot Misses the Net.
12:48 of 1st period - Shot by Elias Lindholm.
12:48 of 1st period - Shot Hit the Post.
12:50 of 1st period - Shot by Elias Lindholm.
12:50 of 1st period - Stopped by Jake Allen without a rebound.
12:51 of 1st period - Anze Kopitar wins face-off versus Jay Beagle in Capitals zone.
13:10 of 1st period - Shot by Mikael Backlund.
13:10 of 1st period - Shot Misses the Net.
13:16 of 1st period - Shot by Anze Kopitar.
13:16 of 1st period - Stopped by Jake Allen with a rebound.
13:21 of 1st period - Mikael Backlund is hit by Josh Manson and loses puck.
13:34 of 1st period - Shot by Mikael Backlund.
13:34 of 1st period - Stopped by Jake Allen without a rebound.
13:35 of 1st period - Ryan Nugent-Hopkins wins face-off versus Pavel Buchnevich in Capitals zone.
14:03 of 1st period - Shot by Brayden Point.
14:03 of 1st period - Shot Blocked by Noah Hanifin.
14:05 of 1st period - Shot by Nikita Zadorov.
14:05 of 1st period - Stopped by Mackenzie Blackwood without a rebound.
14:06 of 1st period - Paul Stastny wins face-off versus Anthony Beauvillier in Flames zone.
15:09 of 1st period - Shot by Matthew Tkachuk.
15:09 of 1st period - Goal by Matthew Tkachuk - Flames : 1 - Capitals : 1.
15:10 of 1st period - Brayden Point wins face-off versus Anze Kopitar in neutral zone.
15:10 of 1st period - Brayden Point is hit by Max Pacioretty.
15:18 of 1st period - Shot by Brayden Point.
15:18 of 1st period - Shot Blocked by Christopher Tanev.
15:20 of 1st period - Shot by Pavel Buchnevich.
15:20 of 1st period - Shot Blocked by Christopher Tanev.
15:22 of 1st period - Shot by Josh Manson.
15:22 of 1st period - Deflect By Mikko Rantanen.
15:22 of 1st period - Stopped by Mackenzie Blackwood with a rebound.
15:24 of 1st period - Shot by Brayden Point.
15:24 of 1st period - Stopped by Mackenzie Blackwood with a rebound.
15:26 of 1st period - Shot by Cody Ceci.
15:26 of 1st period - Stopped by Mackenzie Blackwood without a rebound.
15:27 of 1st period - Elias Lindholm wins face-off versus Michael Sgarbossa in Flames zone.
15:42 of 1st period - Matthew Tkachuk is hit by Adam Erne and loses puck.
15:57 of 1st period - Shot by Adam Erne.
15:57 of 1st period - Stopped by Mackenzie Blackwood without a rebound.
15:58 of 1st period - Brayden Point wins face-off versus Nick Bonino in Flames zone.
16:33 of 1st period - Icing by Josh Manson.
16:34 of 1st period - Elias Lindholm wins face-off versus Brayden Point in Capitals zone.
16:34 of 1st period - Matthew Tkachuk is hit by Cody Ceci.
16:35 of 1st period - Minor Penalty to Matthew Tkachuk for Tripping.
16:36 of 1st period - Nick Bonino wins face-off versus Anthony Beauvillier in Flames zone.
17:30 of 1st period - Shot by Alex Ovechkin.
17:30 of 1st period - Deflect By Mikko Rantanen.
17:30 of 1st period - Shot Blocked by Jake McCabe.
17:32 of 1st period - Shot by Alex Ovechkin.
17:32 of 1st period - Shot Blocked by Blake Coleman.
17:34 of 1st period - Shot by Alex Ovechkin.
17:34 of 1st period - Shot Misses the Net.
17:42 of 1st period - Shot by Brayden Point.
17:42 of 1st period - Stopped by Mackenzie Blackwood without a rebound.
17:43 of 1st period - Anze Kopitar wins face-off versus Brayden Point in Flames zone.
17:43 of 1st period - Christopher Tanev is hit by Alex Ovechkin and loses puck.
18:34 of 1st period - Shot by Nikita Zadorov.
18:34 of 1st period - Shot Misses the Net.
18:47 of 1st period - Shot by Elias Lindholm.
18:47 of 1st period - Shot Blocked by Marc-Edouard Vlasic.
18:56 of 1st period - Ryan Nugent-Hopkins is hit by Adam Larsson and loses puck.
19:07 of 1st period - Shot by Elias Lindholm.
19:07 of 1st period - Stopped by Jake Allen without a rebound.
19:08 of 1st period - Anze Kopitar wins face-off versus Michael Sgarbossa in Capitals zone.
19:12 of 1st period - Minor Penalty to Nikita Zadorov for Hooking.
19:13 of 1st period - Mikael Backlund wins face-off versus Jay Beagle in Capitals zone.
19:28 of 1st period - Shot by Max Pacioretty.
19:28 of 1st period - Stopped by Jake Allen without a rebound.
19:29 of 1st period - Michael Sgarbossa wins face-off versus Anze Kopitar in Capitals zone.
Goals for this period are 1 for Flames vs 1 for Capitals.
Shots for this period are 14 for Flames vs 11 for Capitals.

2nd period


0:01 of 2nd period - Jay Beagle wins face-off versus Mikael Backlund in neutral zone.
1:15 of 2nd period - Shot by Matt Calvert.
1:15 of 2nd period - Stopped by Jake Allen with a rebound.
1:19 of 2nd period - Shot by Blake Coleman.
1:19 of 2nd period - Goal by Blake Coleman - Flames : 2 - Capitals : 1.
1:20 of 2nd period - Brayden Point wins face-off versus Elias Lindholm in neutral zone.
1:33 of 2nd period - Mikko Rantanen is hit by Matthew Tkachuk and loses puck.
2:09 of 2nd period - Icing by Mikko Rantanen.
2:10 of 2nd period - Brayden Point wins face-off versus Anze Kopitar in Capitals zone.
2:48 of 2nd period - Max Pacioretty is hit by Alex Ovechkin and loses puck.
3:41 of 2nd period - Icing by Garnet Hathaway.
3:42 of 2nd period - Jay Beagle wins face-off versus Elias Lindholm in Capitals zone.
4:06 of 2nd period - Elias Lindholm is hit by Jay Beagle and loses puck.
4:13 of 2nd period - Shot by Jay Beagle.
4:13 of 2nd period - Shot Blocked by Noah Hanifin.
4:56 of 2nd period - Off-side.
4:57 of 2nd period - Michael Sgarbossa wins face-off versus Anze Kopitar in neutral zone.
5:51 of 2nd period - Icing by Adam Larsson.
5:52 of 2nd period - Brayden Point wins face-off versus Paul Stastny in Capitals zone.
6:13 of 2nd period - Shot by Mikko Rantanen.
6:13 of 2nd period - Stopped by Mackenzie Blackwood without a rebound.
6:14 of 2nd period - Anthony Beauvillier wins face-off versus Elias Lindholm in Flames zone.
6:21 of 2nd period - Shot by Alex Ovechkin.
6:21 of 2nd period - Shot Misses the Net.
6:27 of 2nd period - Shot by Elias Lindholm.
6:27 of 2nd period - Shot Misses the Net.
6:29 of 2nd period - Shot by Elias Lindholm.
6:29 of 2nd period - Stopped by Jake Allen without a rebound.
6:30 of 2nd period - Paul Stastny wins face-off versus Pavel Buchnevich in Capitals zone.
6:55 of 2nd period - Blake Coleman is hit by Pavel Buchnevich and loses puck.
7:01 of 2nd period - Mike Matheson is hit by Adam Larsson and loses puck.
7:21 of 2nd period - Icing by Adam Larsson.
7:22 of 2nd period - Brayden Point wins face-off versus Max Pacioretty in Capitals zone.
7:47 of 2nd period - Shot by Anze Kopitar.
7:47 of 2nd period - Shot Misses the Net.
8:07 of 2nd period - Shot by Mikael Backlund.
8:07 of 2nd period - Shot Misses the Net.
8:42 of 2nd period - Shot by Oskar Lindblom.
8:42 of 2nd period - Stopped by Mackenzie Blackwood without a rebound.
8:43 of 2nd period - Michael Sgarbossa wins face-off versus Elias Lindholm in Flames zone.
8:51 of 2nd period - Icing by Elias Lindholm.
8:52 of 2nd period - Elias Lindholm wins face-off versus Brayden Point in Flames zone.
8:54 of 2nd period - Icing by Matthew Tkachuk.
8:55 of 2nd period - Brayden Point wins face-off versus Elias Lindholm in Flames zone.
8:59 of 2nd period - Pavel Buchnevich is hit by Christopher Tanev and loses puck.
9:05 of 2nd period - Mikko Rantanen is hit by Noah Hanifin and loses puck.
9:12 of 2nd period - Shot by Brayden Point.
9:12 of 2nd period - Deflect By Mikko Rantanen.
9:12 of 2nd period - Stopped by Mackenzie Blackwood without a rebound.
9:13 of 2nd period - Nick Bonino wins face-off versus Anthony Beauvillier in Flames zone.
9:13 of 2nd period - Nick Bonino is hit by Alex Ovechkin.
10:02 of 2nd period - Icing by Jason Zucker.
10:03 of 2nd period - Elias Lindholm wins face-off versus Jason Zucker in Capitals zone.
10:03 of 2nd period - Elias Lindholm is hit by Cody Ceci.
10:07 of 2nd period - Shot by Matthew Tkachuk.
10:07 of 2nd period - Stopped by Jake Allen without a rebound.
10:08 of 2nd period - Elias Lindholm wins face-off versus Brayden Point in Capitals zone.
10:08 of 2nd period - Christopher Tanev is hit by Nikita Zadorov and loses puck.
10:31 of 2nd period - Shot by Brayden Point.
10:31 of 2nd period - Shot Misses the Net.
10:33 of 2nd period - Shot by Drew Doughty.
10:33 of 2nd period - Stopped by Mackenzie Blackwood without a rebound.
10:34 of 2nd period - Anze Kopitar wins face-off versus Michael Sgarbossa in Flames zone.
11:08 of 2nd period - Shot by Daniel Sprong.
11:08 of 2nd period - Shot Blocked by Mikael Backlund.
11:33 of 2nd period - Icing by Nikita Zadorov.
11:34 of 2nd period - Jay Beagle wins face-off versus Elias Lindholm in Capitals zone.
11:40 of 2nd period - Icing by Noah Hanifin.
11:41 of 2nd period - Anthony Beauvillier wins face-off versus Elias Lindholm in Flames zone.
11:42 of 2nd period - Shot by Josh Manson.
11:42 of 2nd period - Stopped by Mackenzie Blackwood without a rebound.
11:43 of 2nd period - Brayden Point wins face-off versus Paul Stastny in Flames zone.
11:43 of 2nd period - Drew Doughty is hit by Christopher Tanev and loses puck.
11:47 of 2nd period - Icing by Christopher Tanev.
11:48 of 2nd period - Paul Stastny wins face-off versus Anthony Beauvillier in Flames zone.
11:55 of 2nd period - Shot by Blake Coleman.
11:55 of 2nd period - Deflect By Andrew Mangiapane.
11:55 of 2nd period - Shot Misses the Net.
12:04 of 2nd period - Icing by Cody Ceci.
12:05 of 2nd period - Elias Lindholm wins face-off versus Anthony Beauvillier in Capitals zone.
12:22 of 2nd period - Shot by Anthony Beauvillier.
12:22 of 2nd period - Stopped by Mackenzie Blackwood without a rebound.
12:23 of 2nd period - Nick Bonino wins face-off versus Brayden Point in Flames zone.
12:31 of 2nd period - Pavel Buchnevich is hit by Noah Hanifin and loses puck.
12:32 of 2nd period - Minor Penalty to Noah Hanifin for Slashing.
12:33 of 2nd period - Nick Bonino wins face-off versus Brayden Point in Flames zone.
13:20 of 2nd period - Off-side.
13:21 of 2nd period - Nick Bonino wins face-off versus Anthony Beauvillier in neutral zone.
13:29 of 2nd period - Cody Ceci is hit by Jake McCabe and loses puck.
14:35 of 2nd period - Oskar Lindblom is hit by Jake McCabe and loses puck.
14:52 of 2nd period - Shot by Jay Beagle.
14:52 of 2nd period - Stopped by Mackenzie Blackwood without a rebound.
14:53 of 2nd period - Michael Sgarbossa wins face-off versus Anze Kopitar in Flames zone.
15:06 of 2nd period - Shot by Max Pacioretty.
15:06 of 2nd period - Stopped by Jake Allen with a rebound.
16:07 of 2nd period - Oskar Lindblom is hit by Matthew Tkachuk and loses puck.
16:34 of 2nd period - Shot by Elias Lindholm.
16:34 of 2nd period - Deflect By Ryan Nugent-Hopkins.
16:34 of 2nd period - Shot Misses the Net.
16:59 of 2nd period - Shot by Mikko Rantanen.
16:59 of 2nd period - Shot Blocked by Noah Hanifin.
17:14 of 2nd period - Icing by Matthew Tkachuk.
17:15 of 2nd period - Elias Lindholm wins face-off versus Alex Ovechkin in Flames zone.
17:36 of 2nd period - Jake McCabe is hit by Alex Ovechkin and loses puck.
17:43 of 2nd period - Shot by Jason Zucker.
17:43 of 2nd period - Shot Misses the Net.
18:24 of 2nd period - Icing by Rasmus Andersson.
18:25 of 2nd period - Brayden Point wins face-off versus Anze Kopitar in Flames zone.
18:28 of 2nd period - Shot by Mikko Rantanen.
18:28 of 2nd period - Stopped by Mackenzie Blackwood without a rebound.
18:29 of 2nd period - Brayden Point wins face-off versus Anze Kopitar in Flames zone.
18:30 of 2nd period - Shot by Mikko Rantanen.
18:30 of 2nd period - Stopped by Mackenzie Blackwood without a rebound.
18:31 of 2nd period - Brayden Point wins face-off versus Anze Kopitar in Flames zone.
18:34 of 2nd period - Shot by Mikko Rantanen.
18:34 of 2nd period - Stopped by Mackenzie Blackwood with a rebound.
19:09 of 2nd period - Max Pacioretty is hit by Nikita Zadorov and loses puck.
19:13 of 2nd period - Minor Penalty to Nikita Zadorov for Hooking.
19:14 of 2nd period - Anze Kopitar wins face-off versus Jay Beagle in Capitals zone.
19:18 of 2nd period - Ryan Nugent-Hopkins is hit by Adam Larsson and loses puck.
19:27 of 2nd period - Shot by Ryan Nugent-Hopkins.
19:27 of 2nd period - Deflect By Anze Kopitar.
19:27 of 2nd period - Stopped by Jake Allen without a rebound.
19:28 of 2nd period - Mikael Backlund wins face-off versus Michael Sgarbossa in Capitals zone.
19:31 of 2nd period - Shot by Noah Hanifin.
19:31 of 2nd period - Shot Misses the Net.
Goals for this period are 1 for Flames vs 0 for Capitals.
Shots for this period are 6 for Flames vs 10 for Capitals.

3rd period


0:01 of 3rd period - Anze Kopitar wins face-off versus Jay Beagle in neutral zone.
0:01 of 3rd period - Anze Kopitar is hit by Jay Beagle.
0:11 of 3rd period - Shot by Elias Lindholm.
0:11 of 3rd period - Shot Misses the Net.
0:13 of 3rd period - Shot by Ryan Nugent-Hopkins.
0:13 of 3rd period - Stopped by Jake Allen without a rebound.
0:14 of 3rd period - Mikael Backlund wins face-off versus Michael Sgarbossa in Capitals zone.
0:39 of 3rd period - Shot by Mike Matheson.
0:39 of 3rd period - Shot Hit the Post.
0:41 of 3rd period - Shot by Mike Matheson.
0:41 of 3rd period - Shot Blocked by Adam Larsson.
1:11 of 3rd period - Cody Ceci is hit by Elias Lindholm and loses puck.
1:18 of 3rd period - Shot by Matthew Tkachuk.
1:18 of 3rd period - Stopped by Jake Allen without a rebound.
1:19 of 3rd period - Elias Lindholm wins face-off versus Brayden Point in Capitals zone.
1:34 of 3rd period - Shot by Mikko Rantanen.
1:34 of 3rd period - Shot Blocked by Ben Chiarot.
1:52 of 3rd period - Shot by Elias Lindholm.
1:52 of 3rd period - Stopped by Jake Allen without a rebound.
1:53 of 3rd period - Paul Stastny wins face-off versus Jason Zucker in Capitals zone.
2:15 of 3rd period - Shot by Paul Stastny.
2:15 of 3rd period - Shot Hit the Post.
2:25 of 3rd period - Off-side.
2:26 of 3rd period - Brayden Point wins face-off versus Anze Kopitar in neutral zone.
3:20 of 3rd period - Icing by Jake McCabe.
3:21 of 3rd period - Anze Kopitar wins face-off versus Alex Ovechkin in Flames zone.
3:36 of 3rd period - Shot by Alex Ovechkin.
3:36 of 3rd period - Goal by Alex Ovechkin - Flames : 2 - Capitals : 2.
3:37 of 3rd period - Jay Beagle wins face-off versus Paul Stastny in neutral zone.
4:20 of 3rd period - Shot by Paul Stastny.
4:20 of 3rd period - Stopped by Jake Allen without a rebound.
4:21 of 3rd period - Anthony Beauvillier wins face-off versus Elias Lindholm in Capitals zone.
4:38 of 3rd period - Shot by Anthony Beauvillier.
4:38 of 3rd period - Shot Misses the Net.
4:40 of 3rd period - Shot by Anthony Beauvillier.
4:40 of 3rd period - Shot Misses the Net.
5:28 of 3rd period - Shot by Brayden Point.
5:28 of 3rd period - Stopped by Mackenzie Blackwood without a rebound.
5:29 of 3rd period - Nick Bonino wins face-off versus Michael Sgarbossa in Flames zone.
6:11 of 3rd period - Shot by Daniel Sprong.
6:11 of 3rd period - Shot Blocked by Noah Hanifin.
6:42 of 3rd period - Minor Penalty to Mikko Rantanen for High sticking.
6:42 of 3rd period - Minor Penalty to Christopher Tanev for Hooking.
6:43 of 3rd period - Jay Beagle wins face-off versus Elias Lindholm in Flames zone.
6:56 of 3rd period - Shot by Alex Ovechkin.
6:56 of 3rd period - Deflect By Jay Beagle.
6:56 of 3rd period - Shot Misses the Net.
6:59 of 3rd period - Icing by Elias Lindholm.
7:00 of 3rd period - Brayden Point wins face-off versus Elias Lindholm in Flames zone.
7:05 of 3rd period - Shot by Pavel Buchnevich.
7:05 of 3rd period - Shot Misses the Net.
7:13 of 3rd period - Shot by Brayden Point.
7:13 of 3rd period - Deflect By Pavel Buchnevich.
7:13 of 3rd period - Shot Blocked by Mike Matheson.
7:15 of 3rd period - Shot by Nikita Zadorov.
7:15 of 3rd period - Shot Misses the Net.
7:17 of 3rd period - Shot by Nikita Zadorov.
7:17 of 3rd period - Stopped by Mackenzie Blackwood without a rebound.
7:18 of 3rd period - Mikael Backlund wins face-off versus Jay Beagle in Flames zone.
7:39 of 3rd period - Shot by Jay Beagle.
7:39 of 3rd period - Shot Blocked by Noah Hanifin.
8:26 of 3rd period - Shot by Ryan Nugent-Hopkins.
8:26 of 3rd period - Shot Misses the Net.
8:28 of 3rd period - Shot by Mike Matheson.
8:28 of 3rd period - Shot Blocked by Pavel Buchnevich.
8:30 of 3rd period - Shot by Elias Lindholm.
8:30 of 3rd period - Stopped by Jake Allen without a rebound.
8:31 of 3rd period - Brayden Point wins face-off versus Mikael Backlund in Capitals zone.
8:46 of 3rd period - Shot by Brayden Point.
8:46 of 3rd period - Shot Blocked by Noah Hanifin.
8:56 of 3rd period - Michael Sgarbossa is hit by Blake Coleman.
9:08 of 3rd period - Shot by Blake Coleman.
9:08 of 3rd period - Stopped by Jake Allen without a rebound.
9:09 of 3rd period - Elias Lindholm wins face-off versus Brayden Point in Capitals zone.
9:14 of 3rd period - Shot by Ryan Nugent-Hopkins.
9:14 of 3rd period - Stopped by Jake Allen without a rebound.
9:15 of 3rd period - Brayden Point wins face-off versus Elias Lindholm in Capitals zone.
9:15 of 3rd period - Brayden Point is hit by Matthew Tkachuk.
9:33 of 3rd period - Shot by Matthew Tkachuk.
9:33 of 3rd period - Shot Misses the Net.
9:46 of 3rd period - Off-side.
9:47 of 3rd period - Anze Kopitar wins face-off versus Anthony Beauvillier in neutral zone.
9:55 of 3rd period - Minor Penalty to Josh Manson for Hooking.
9:56 of 3rd period - Mikael Backlund wins face-off versus Jay Beagle in Capitals zone.
9:57 of 3rd period - Shot by Rasmus Andersson.
9:57 of 3rd period - Shot Blocked by Marc-Edouard Vlasic.
10:27 of 3rd period - Shot by Michael Sgarbossa.
10:27 of 3rd period - Stopped by Mackenzie Blackwood without a rebound.
10:28 of 3rd period - Elias Lindholm wins face-off versus Jay Beagle in Flames zone.
10:37 of 3rd period - Shot by Noah Hanifin.
10:37 of 3rd period - Shot Misses the Net.
11:31 of 3rd period - Shot by Matthew Tkachuk.
11:31 of 3rd period - Deflect By Mikael Backlund.
11:31 of 3rd period - Shot Misses the Net.
11:33 of 3rd period - Shot by Rasmus Andersson.
11:33 of 3rd period - Shot Blocked by Nikita Zadorov.
11:37 of 3rd period - Shot by Matthew Tkachuk.
11:37 of 3rd period - Shot Misses the Net.
11:39 of 3rd period - Shot by Mikael Backlund.
11:39 of 3rd period - Deflect By Blake Coleman.
11:39 of 3rd period - Stopped by Jake Allen without a rebound.
11:40 of 3rd period - Mikael Backlund wins face-off versus Garnet Hathaway in Capitals zone.
12:03 of 3rd period - Mikko Rantanen is hit by Blake Coleman and loses puck.
13:28 of 3rd period - Jason Zucker is hit by Jake McCabe and loses puck.
14:01 of 3rd period - Off-side.
14:02 of 3rd period - Nick Bonino wins face-off versus Michael Sgarbossa in neutral zone.
15:31 of 3rd period - Icing by Cody Ceci.
15:32 of 3rd period - Brayden Point wins face-off versus Elias Lindholm in Capitals zone.
15:32 of 3rd period - Brayden Point is hit by Matthew Tkachuk.
15:38 of 3rd period - Shot by Elias Lindholm.
15:38 of 3rd period - Shot Blocked by Cody Ceci.
15:40 of 3rd period - Shot by Rasmus Andersson.
15:40 of 3rd period - Stopped by Jake Allen without a rebound.
15:41 of 3rd period - Anthony Beauvillier wins face-off versus Matthew Tkachuk in Capitals zone.
15:57 of 3rd period - Rasmus Andersson is hit by Drew Doughty.
16:07 of 3rd period - Shot by Ryan Nugent-Hopkins.
16:07 of 3rd period - Shot Blocked by Drew Doughty.
16:09 of 3rd period - Shot by Ben Chiarot.
16:09 of 3rd period - Deflect By Elias Lindholm.
16:09 of 3rd period - Stopped by Jake Allen with a rebound.
16:25 of 3rd period - Shot by Elias Lindholm.
16:25 of 3rd period - Shot Hit the Post.
17:03 of 3rd period - Shot by Jay Beagle.
17:03 of 3rd period - Stopped by Mackenzie Blackwood without a rebound.
17:04 of 3rd period - Brayden Point wins face-off versus Paul Stastny in Flames zone.
17:07 of 3rd period - Shot by Pavel Buchnevich.
17:07 of 3rd period - Stopped by Mackenzie Blackwood without a rebound.
17:08 of 3rd period - Mikael Backlund wins face-off versus Brayden Point in Flames zone.
17:51 of 3rd period - Mikko Rantanen is hit by Elias Lindholm and loses puck.
17:56 of 3rd period - Mikko Rantanen is hit by Matthew Tkachuk and loses puck.
18:03 of 3rd period - Shot by Elias Lindholm.
18:03 of 3rd period - Shot Blocked by Adam Larsson.
18:05 of 3rd period - Shot by Mike Matheson.
18:05 of 3rd period - Shot Misses the Net.
18:07 of 3rd period - Shot by Ryan Nugent-Hopkins.
18:07 of 3rd period - Stopped by Jake Allen without a rebound.
18:08 of 3rd period - Jay Beagle wins face-off versus Paul Stastny in Capitals zone.
18:28 of 3rd period - Shot by Blake Coleman.
18:28 of 3rd period - Shot Misses the Net.
18:30 of 3rd period - Shot by Blake Coleman.
18:30 of 3rd period - Deflect By Paul Stastny.
18:30 of 3rd period - Shot Misses the Net.
18:32 of 3rd period - Shot by Blake Coleman.
18:32 of 3rd period - Shot Misses the Net.
19:37 of 3rd period - Shot by Matthew Tkachuk.
19:37 of 3rd period - Shot Blocked by Nikita Zadorov.
Goals for this period are 0 for Flames vs 1 for Capitals.
Shots for this period are 11 for Flames vs 6 for Capitals.

Overtime #1


0:01 of 1st overtime period - Brayden Point wins face-off versus Elias Lindholm in neutral zone.
0:20 of 1st overtime period - Shot by Ryan Nugent-Hopkins.
0:20 of 1st overtime period - Stopped by Jake Allen without a rebound.
0:21 of 1st overtime period - Elias Lindholm wins face-off versus Mikko Rantanen in Capitals zone.
0:38 of 1st overtime period - Shot by Ryan Nugent-Hopkins.
0:38 of 1st overtime period - Shot Blocked by Nikita Zadorov.
0:50 of 1st overtime period - Shot by Ryan Nugent-Hopkins.
0:50 of 1st overtime period - Shot Blocked by Mikko Rantanen.
0:52 of 1st overtime period - Shot by Christopher Tanev.
0:52 of 1st overtime period - Goal by Christopher Tanev - Flames : 3 - Capitals : 2.
Goals for this period are 1 for Flames vs 0 for Capitals.
Shots for this period are 2 for Flames vs 0 for Capitals.




Output by the SimonT Hockey Simulator (STHS) for Eric Henault - Original Page W3C HTML5 Valid
Hockey Simulator - Hockey Simulation - Hockey Manager